 Dungeon Crawl Stone Soup version 0.22-a0-558-gc224181 (webtiles) character file.

189 inc the Conjurer (level 5, -2/35 HPs)
             Began as a Mummy Fire Elementalist on June 27, 2018.
             Slain by an iguana (7 damage)
             ... on level 4 of the Dungeon.
             The game lasted 00:06:49 (4557 turns).

inc the Conjurer (Mummy Fire Elementalist)          Turns: 4557, Time: 00:06:50

Health: -2/35      AC:  5    Str: 12    XL:     5   Next: 40%
Magic:  0/9        EV: 12    Int: 15    God:
Gold:   207        SH:  0    Dex: 12    Spells: 5/9 levels left

rFire    x . .     SeeInvis .   r - +0 dagger (protect)
rCold    + . .     Gourm    .   (no shield)
rNeg     + + +     Faith    .   a - +0 robe
rPois    ∞         Spirit   .   p - +0 helmet
rElec    .         Reflect  .   t - +0 cloak
rCorr    +         Harm     .   g - +0 pair of gloves
MR       .....                  (no boots)
Stlth    ++........             (no amulet)
HPRegen  0.11/turn              i - ring of resist corrosion
MPRegen  0.11/turn              (no ring)

@: no status effects
A: no food or potions, fire vulnerability, cold resistance 1, negative energy
resistance 3, torment resistance, unbreathing
a: no special abilities


You were on level 4 of the Dungeon.
You were not hungry.

You visited 1 branch of the dungeon, and saw 4 of its levels.

You collected 207 gold pieces.

Inventory:

Hand Weapons
 c - a +0 dagger
 r - a +0 dagger of protection (weapon)
Armour
 a - a +0 robe (worn)
 g - a +0 pair of gloves (worn)
 p - a +0 helmet (worn)
 t - a +0 cloak (worn)
Jewellery
 i - a ring of resist corrosion (left hand)
Scrolls
 h - 2 scrolls of fog
 k - a scroll of blinking {unknown}
 l - a scroll of enchant armour {unknown}
 m - a scroll of immolation
 n - a scroll of teleportation
 q - a scroll of enchant weapon
 s - a scroll of noise {unknown}
Comestibles
 b - 4 rations


   Skills:
 - Level 1.5 Dodging
 - Level 1.5 Stealth
 - Level 2.6 Spellcasting
 + Level 4.2 Conjurations
 + Level 2.7 Fire Magic


You had 5 spell levels left.
You knew the following spells:

 Your Spells              Type           Power        Failure   Level  Hunger
a - Flame Tongue          Conj/Fire      ##...        4%          1    N/A
b - Inner Flame           Hex/Fire       #.......     34%         3    N/A

Your spell library contained the following spells:

 Spells                   Type           Power        Failure   Level  Hunger
 Fireball                 Conj/Fire      ##........   80%         5    N/A
 Conjure Flame            Conj/Fire      ##......     14%         3    N/A
 Throw Flame              Conj/Fire      ##....       8%          2    N/A
 Sticky Flame             Conj/Fire      ##......     43%         4    N/A

Dungeon Overview and Level Annotations

Branches:
Dungeon (4/15)
 Temple: D:4-7

Altars:
Fedhas
Nemelex Xobeh
Zin

Annotations:
D:2 Sigmund


Innate Abilities, Weirdness & Mutations

You do not eat or drink.
Your flesh is vulnerable to fire.
You are immune to poison.
Your flesh is cold resistant. (rC+)
You are immune to negative energy. (rN+++)
You are immune to unholy pain and torment.
You can survive without breathing.


Message History

* * * LOW HITPOINT WARNING * * *
You see here 17 poisoned needles.
Casting: Flame Tongue (safe; 4% risk of failure)
Confirm with . or Enter, or press ? or * to list all spells.
Aiming: Flame Tongue (safe; 4% risk of failure)
Press: ? - help, Shift-Dir - straight line, f/p - iguana
Aim: an iguana (severely wounded)
The flame tongue hits the iguana.
The iguana appears unharmed.
The iguana is severely wounded.
The iguana closely misses you.
You see here 18 stones.
Casting: Flame Tongue (safe; 4% risk of failure)
Confirm with . or Enter, or press ? or * to list all spells.
Aiming: Flame Tongue (safe; 4% risk of failure)
Press: ? - help, Shift-Dir - straight line, f/p - iguana
Aim: an iguana (severely wounded)
The flame tongue hits the iguana.
The iguana is almost dead.
The iguana bites you!
You die...

#!.#
##.........####
#..#######.......##
#..##.....)...#..#
#..##.####...###.#
#..##(# ##.## #.#
#..##.# #.# #.#
#.##.# #.# #.#
#.##.#####(# #.#
#.......@l.# #.#
#.#.....#### #.#
#.#...#.# #.#
#.#####.# #.# #.#
#.# #.# #.# #.# #.
#.# #.#


You could see an iguana.

Vanquished Creatures
  Crazy Yiuf (D:3)
  An orc priest (D:4)
  Robin (D:2)
  2 adders
  An ooze (D:2)
  A worm (D:3)
  3 dart slugs
  3 leopard geckos
  3 orcs
  3 ball pythons (D:2)
  4 giant cockroaches
  14 goblins
  9 hobgoblins
  5 jackals (D:1)
  9 kobolds
  A quokka (D:2)
  9 bats
  3 frilled lizards
  A jackal skeleton (D:4)
  6 rats
80 creatures vanquished.

Notes
Turn   | Place    | Note
-------+----------+-------------------------------------------
     0 | D:1      | inc the Mummy Fire Elementalist began the quest for the Orb.
     0 | D:1      | Reached XP level 1. HP: 13/13 MP: 4/4
    49 | D:1      | Reached skill level 1 in Conjurations
   367 | D:1      | Found a sparkling altar of Nemelex Xobeh.
   481 | D:1      | Reached XP level 2. HP: 16/19 MP: 1/5
   671 | D:1      | Reached skill level 2 in Conjurations
  1163 | D:2      | Reached XP level 3. HP: 23/24 MP: 7/7
  1357 | D:2      | Noticed Sigmund
  1788 | D:2      | Reached skill level 3 in Conjurations
  2106 | D:2      | Reached XP level 4. HP: 30/30 MP: 3/8
  2229 | D:3      | Noticed Robin
  2264 | D:2      | Killed Robin
  3106 | D:3      | Found a glowing silver altar of Zin.
  3116 | D:3      | Found a blossoming altar of Fedhas.
  3413 | D:3      | Found a runed door.
  3851 | D:3      | Noticed Crazy Yiuf
  3860 | D:3      | Learned a level 3 spell: Inner Flame
  3889 | D:3      | Killed Crazy Yiuf
  3889 | D:3      | Reached skill level 4 in Conjurations
  3889 | D:3      | Reached XP level 5. HP: 30/35 MP: 2/9
  4557 | D:4      | Slain by an iguana

Vault maps used:
D:1:      minmay_arrival_three_doors, nemelex_diamond_rough_becter
D:2:      minmay_shallow_snake_nest, uniq_sigmund
D:3:      amethyst_overflow_temple_binary, serial_corexii_hall,
          corexii_hall_statues_deadend, corexii_hall_statues_s,
          corexii_hall_statues_u, corexii_hall_statues_s,
          uniq_crazy_yiuf_cottage, uniq_robin
D:4:      temple_hall, first_ration, okawaru_metal_pillars_1_2

Skill      XL: |  1  2  3  4 |
---------------+-------------+-----
Conjurations   | 1 2 3 4 |  4.2
Dodging        | |  1.5
Stealth        | |  1.5
Spellcasting   | |  2.6
Fire Magic     | |  2.7

Action                   |  1- 3 |  4- 6 || total
-------------------------+-------+-------++-------
Melee: Unarmed           |    11 |       ||    11
       Dagger            |    70 |    50 ||   120
 Cast: Flame Tongue      |    69 |    63 ||   132
  Use: Scroll            |       |     4 ||     4
 Stab: Sleeping          |     1 |     3 ||     4
Armor: Robe              |    28 |    22 ||    50
Dodge: Dodged            |    77 |    58 ||   135

Table legend:
 A = Spawn XP
 B = Non-spawn XP
 C = Spawn XP percentage of total XP
 D = Spawn monster count
 E = Non-spawn monster count
 F = Spawn count percentage of total count
 G = Total turns spent on level
                    A         B        C        D         E        F      G
               +---------+---------+-------+---------+---------+-------+---------
         Total |       0 |     270 |   0.0 |       0 |      80 |   0.0 |  4557
               +---------+---------+-------+---------+---------+-------+---------
           D:1 |       0 |      35 |   0.0 |       0 |      19 |   0.0 |  1370
           D:2 |       0 |      93 |   0.0 |       0 |      36 |   0.0 |  1202
           D:3 |       0 |      75 |   0.0 |       0 |      18 |   0.0 |  1643
           D:4 |       0 |      67 |   0.0 |       0 |       7 |   0.0 |   342
               +---------+---------+-------+---------+---------+-------+---------
